 Dungeon Crawl Stone Soup version 0.29.1-13-g9f3cf754e1 (webtiles) character file.

Game seed: 7952225752605232860

16 croobank the Sneak (level 2, -1/25 HPs)
             Began as a Demigod Delver on Jan 24, 2023.
             Succumbed to an adder's poison
             ... on level 2 of the Dungeon.
             The game lasted 00:02:41 (1090 turns).

croobank the Sneak (Demigod Delver)                 Turns: 1090, Time: 00:02:42

Health: -1/25      AC:  3    Str: 13    XL:     2   Next: 24%
Magic:  1/4        EV: 12    Int: 12    God:
Gold:   61         SH:  0    Dex: 15    Spells: 1/1 levels left

rFire   + . .      SeeInvis .   a - +0 short sword
rCold   + . .      Faith    .   (no shield)
rNeg    . . .      Spirit   +   b - +0 leather armour
rPois   +          Reflect  .   (no helmet)
rElec   +          Harm     .   h - scarf {+Inv}
rCorr   +          Rampage  .   (no gloves)
Will    .....                   (no boots)
Stlth   +++.......              n - amulet of guardian spirit
HPRegen 0.08/turn               (no ring)
MPRegen 0.09/turn               (no ring)

@: brilliant, lethally poisoned (-1 -> -14), resistant
A: high MP 1, forlorn, divine attributes
a: Evoke Invisibility


You were on level 2 of the Dungeon.
You visited 1 branch of the dungeon, and saw 5 of its levels.

You collected 61 gold pieces.

Inventory:

Hand Weapons
 a - a +0 short sword (weapon)
Missiles
 p - 4 poisoned darts (quivered)
Armour
 b - a +0 leather armour (worn)
 h - a scarf of invisibility (worn)
 o - a +0 kite shield
Jewellery
 n - an amulet of guardian spirit (around neck)
Wands
 g - a wand of digging (3)
Scrolls
 c - a scroll of fog
 d - 2 scrolls of noise {unknown}
 j - a scroll of teleportation {unknown}
 k - a scroll of identify {unknown}
 l - 3 scrolls of immolation {unknown}
Potions
 i - a potion of mutation {unknown}
 m - a potion of curing {unknown}


   Skills:
 + Level 2.9 Fighting
 + Level 2.0 Short Blades
 + Level 2.0 Dodging
 + Level 4.6 Stealth


You had one spell level left.
You didn't know any spells.
Your spell library contained the following spells:

 Spells                   Type           Power      Damage    Failure   Level
 Necrotise                Necr           0%         1d4       38%         1
 Vampiric Draining        Necr           0%         2d6       77%         3
 Agony                    Necr           0%         N/A       100%        5


Dungeon Overview and Level Annotations

Branches:
Dungeon (5/15)
 Temple: D:4-7

Shops:
D:2 *

Annotations:
D:4 Natasha


Innate Abilities, Weirdness & Mutations

You have an increased reservoir of magic. (+10% MP)
You shall have no god before yourself.
Your divine heritage dramatically boosts your attributes as you level up.


Message History

You closely miss the adder.
The adder is moderately wounded.
The adder barely misses you.
You barely miss the adder.
The adder is moderately wounded.
The adder bites you. The adder bites you but does no damage.
You hit the adder.
The adder is heavily wounded.
The adder bites you.
You are poisoned.
The adder poisons you!
You closely miss the adder.
The adder is heavily wounded.
You feel sick. The adder bites you.
You hit the adder but do no damage.
The adder is heavily wounded.
You feel sick. The adder bites you.
You are more poisoned.
The adder poisons you! The adder bites you.
You are lethally poisoned!
The adder poisons you!
You hit the adder.
The adder is heavily wounded.
You feel very sick. The adder bites you.
You are more poisoned.
The adder poisons you!
You hit the adder.
The adder is severely wounded.
* * * LOW HITPOINT WARNING * * *
You feel very sick. The adder closely misses you.
It was a potion of resistance.
You feel protected.
* * * LOW HITPOINT WARNING * * *
You feel very sick. The adder closely misses you.
It was a potion of brilliance.
You feel clever all of a sudden.
You die...

********,,,,,,***
***,,,,,,+,,,,,,+,+
**,,,******,,,,,,***
**,,*** *,,,,,,***
*,,** *,,,,,..!.
#.################...
#>..........r....+...
#########r######.###...
#....S@.#.# #.# #B..
#รท#####.#.# #r# #.).
#.#..<#.#.# #.###...
#####*#.#.###.#.#
#gw..S..
#.....#.#.(...#.#
#Sw.w...
#......S#######.#
#.......
#.......'.......#
#.......
#.....r.#########
##.w.... #.....###
#......


You could see an adder.

Vanquished Creatures
  A ball python (D:1)
  2 endoplasms (D:1)
  2 giant cockroaches
  A goblin (D:1)
  2 hobgoblins (D:1)
  2 bats
  A frilled lizard (D:1)
  3 kobolds
14 creatures vanquished.

Notes
Turn   | Place    | Note
-------+----------+-------------------------------------------
     0 | D:5      | croobank the Demigod Delver began the quest for the Orb.
     0 | D:5      | Reached XP level 1. HP: 18/18 MP: 3/3
     1 | D:5      | Noticed a scorpion
    15 | D:4      | Noticed Natasha
    35 | D:4      | Noticed a bullfrog
    76 | D:2      | Found Puomiplu's General Store.
   408 | D:1      | Reached XP level 2. HP: 20/25 MP: 4/4
  1090 | D:2      | Succumbed to an adder's poison

Illustrated notes

Levels and vault maps discovered:
D:1:      dpeg_arrival_radiant, layout_loops_ring, minmay_misc_feat_cross
D:2:      layout_basic, serial_shops, shop, uniq_sigmund
D:3:      layout_basic, portal_sewer_entry_c, roderic_roman_lattice
D:4:      layout_basic, minmay_unequal, uniq_natasha
D:5:      layout_cave_pools, serial_shops, shop, minmay_misc_feat_ornament

Skill      XL: |  1 |
---------------+----+-----
Short Blades   | 2 |  2.0
Dodging        | 2 |  2.0
Fighting       | |  2.9
Stealth        | |  4.6

Action                   || total
-------------------------++-------
Melee: Short sword       ||    43
  Use: Scroll            ||     2
       Potion            ||     3
 Stab: Sleeping          ||     6
Armor: Leather armour    ||    20
Dodge: Dodged            ||    36
